 Dungeon Crawl Stone Soup version 0.30-a0-269-gf0224bf7b6 (webtiles) character file.

Game seed: 12359312096389302773

63 chippings the Poker (level 4, 0/36 HPs)
             Began as a Merfolk Gladiator on Oct 14, 2022.
             Was an Initiate of Kikubaaqudgha.
             Succumbed to a gnoll's poison
             ... on level 2 of the Dungeon.
             The game lasted 00:04:09 (962 turns).

chippings the Poker (Merfolk Gladiator)              Turns: 962, Time: 00:04:09

Health: 0/36       AC:  6    Str: 14    XL:     4   Next: 10%
Magic:  4/4        EV: 12    Int:  9    God:    Kikubaaqudgha [......]
Gold:   75         SH:  0    Dex: 15    Spells: 3/3 levels left

rFire   . . .      SeeInvis .    a - +0 trident
rCold   . . .      Faith    .    (no shield)
rNeg    + . .      Spirit   .    k - +0 ring mail
rPois   .          Reflect  .    c - +0 helmet
rElec   .          Harm     .    (no cloak)
rCorr   .          Rampage  .    (no gloves)
Will    .....                    (no boots)
Stlth   +.........               (no amulet)
HPRegen 0.26/turn                h - ring of positive energy
MPRegen 0.09/turn                (no ring)

@: lethally poisoned (0 -> -2)
A: (nimble swimmer 2), mertail
a: Renounce Religion


You were on level 2 of the Dungeon.
You worshipped Kikubaaqudgha.
Kikubaaqudgha was noncommittal.
You visited 1 branch of the dungeon, and saw 3 of its levels.

You collected 75 gold pieces.

Inventory:

Hand Weapons
 a - a +0 trident (weapon)
Missiles
 d - 3 throwing nets (quivered)
 e - a javelin
Armour
 c - a +0 helmet (worn)
 j - an orb of energy
 k - a +0 ring mail (worn)
Jewellery
 h - a ring of positive energy (left hand)
Scrolls
 b - a scroll of teleportation
 f - a scroll of immolation {unknown}
 g - a scroll of blinking {unknown}
 l - a scroll of enchant armour {unknown}


   Skills:
 + Level 3.6 Fighting
 + Level 5.3 Polearms
 - Level 2.0 Throwing
 - Level 4.0 Dodging


You had 3 spell levels left.
You didn't know any spells.
Your spell library contained the following spells:

 Spells                   Type           Power      Damage    Failure   Level
 Sandblast                Erth           0%         2d4       63%         1
 Passwall                 Tmut/Erth      0%         N/A       77%         2
 Stone Arrow              Conj/Erth      0%         3d7       94%         3


Dungeon Overview and Level Annotations

Branches:
Dungeon (3/15)

Altars:
Kikubaaqudgha

Shops:
D:3 ?

Annotations:
D:2 Robin


Innate Abilities, Weirdness & Mutations

((You are very nimble when in or above water. (Stealth+, EV+, Speed+++)))
Your lower body shifts to a powerful aquatic tail in water.


Message History

Press: ? - help, Dir - move target, f - gnoll
Aim: a gnoll, wielding a +0 halberd and quivering poisoned darts (about 36% to evade your +0 trident)
You reach to attack!
You hit the gnoll but do no damage.
The gnoll throws a poisoned dart.
The poisoned dart misses you.
Unknown command.
Reach: a) +0 trident
Press: ? - help, Dir - move target, f/p - gnoll
Aim: a gnoll, wielding a +0 halberd and quivering poisoned darts (about 36% to evade your +0 trident)
You reach to attack!
You barely miss the gnoll.
The gnoll hits you from afar with a +0 halberd!
Unknown command.
Reach: a) +0 trident
Press: ? - help, Dir - move target, f/p - gnoll
Aim: a gnoll, wielding a +0 halberd and quivering poisoned darts (about 36% to evade your +0 trident)
You reach to attack!
You hit the gnoll.
The gnoll is moderately wounded.
The gnoll hits you from afar with a +0 halberd!
* * * LOW HITPOINT WARNING * * *
Reach: a) +0 trident
Press: ? - help, Dir - move target, f/p - gnoll
Aim: a gnoll, wielding a +0 halberd and quivering poisoned darts (moderately wounded, about 36% to evade your +0 trident)
You reach to attack!
You hit the gnoll but do no damage.
The gnoll is moderately wounded.
The gnoll throws a poisoned dart.
The poisoned dart hits you!
You are lethally poisoned!
You aren't carrying any potions.
Unknown command.
You aren't carrying any potions.
As you read the scroll of fear, it crumbles to dust.
You assume a fearsome visage.
The gnoll looks frightened!
* * * LOW HITPOINT WARNING * * *
You feel sick.
* * * LOW HITPOINT WARNING * * *
You feel sick.
* * * LOW HITPOINT WARNING * * *
You feel sick.
* * * LOW HITPOINT WARNING * * *
You feel sick.
You die...
Kikubaaqudgha rasps: "You have failed me!
Welcome... death!"

##.....#####.####.#
#..........)......#
#..._..#.###.######
#......#.# #.# #.g
#......#.# #.# #|#
#........# #.# #)#
########## #.# #.#
#.###.## #.@....#
########


There were no monsters in sight!

Vanquished Creatures
  A gnoll (D:2)
  2 adders (D:3)
  A dart slug (D:2)
  A worm (D:3)
  2 endoplasms (D:2)
  6 goblins
  4 hobgoblins
  3 jackals (D:3)
  3 kobolds
  A quokka (D:2)
  A ball python (D:3)
  A bat (D:1)
  3 frilled lizards
  2 rats
31 creatures vanquished.

Notes
Turn   | Place    | Note
-------+----------+-------------------------------------------
     0 | D:1      | chippings the Merfolk Gladiator began the quest for the
                  | Orb.
     0 | D:1      | Reached XP level 1. HP: 16/16 MP: 1/1
   358 | D:1      | You fall into a shaft and drop 1 floor!
   376 | D:2      | Reached XP level 2. HP: 23/23 MP: 2/2
   523 | D:3      | Found Mazuck Teall's Magic Scroll Shop.
   541 | D:3      | Reached XP level 3. HP: 24/29 MP: 3/3
   651 | D:3      | Reached skill level 5 in Polearms
   762 | D:2      | Noticed Robin
   901 | D:2      | Found an ancient bone altar of Kikubaaqudgha.
   909 | D:2      | Became a worshipper of Kikubaaqudgha
   954 | D:2      | Reached XP level 4. HP: 19/36 MP: 4/4
   961 | D:2      | HP: 1/36 [poisoned by a gnoll]
   962 | D:2      | Succumbed to a gnoll's poison

Illustrated notes

Levels and vault maps discovered:
D:1:      lightli_arrival_lavapool, layout_loops_ring
D:2:      layout_basic, basic_altar, uniq_robin, uniq_natasha
D:3:      layout_rooms, serial_shops, nicolae_shop_advertising_works
          [nicolae_subvault_shop_adworks], kennysheep_generic_room_11

Skill      XL: |  1  2  3 |
---------------+----------+-----
Fighting       | 3 |  3.6
Polearms       | 5 |  5.3
Throwing       | |  2.0
Dodging        | |  4.0

Action                   |  1- 3 |  4- 6 || total
-------------------------+-------+-------++-------
Melee: Trident           |    97 |     4 ||   101
       Punch             |     1 |       ||     1
  Use: Scroll            |     3 |     1 ||     4
       Potion            |     2 |       ||     2
 Stab: Sleeping          |     1 |       ||     1
Armor: Leather armour    |     2 |       ||     2
       Ring mail         |    27 |       ||    27
Dodge: Dodged            |    55 |     1 ||    56

Table legend: (Time is in decaauts)
 A = Elapsed time spent in this place.
 B = Non-inter-level travel time spent in this place.
 C = Inter-level travel time spent in this place.
 D = Time resting spent in this place.
 E = Time spent auto-exploring this place.
 F = Levels seen in this place.
 G = Mean time per level.
                   A        B        C        D        E       F      G
               +--------+--------+--------+--------+--------+-----+--------+
         Total |    967 |    933 |     34 |    174 |    317 |   3 |  322.3 |
       Dungeon |    967 |    933 |     34 |    174 |    317 |   3 |  322.3 |
               +--------+--------+--------+--------+--------+-----+--------+

Top non-repeatable levels by time:
     D:1: 426 daAuts
     D:2: 367 daAuts
     D:3: 174 daAuts
